 Dungeon Crawl Stone Soup version 0.20.0-14-g326068f (webtiles) character file.

45458 kuniqs the Blocker (level 14, 117/129 HPs)
             Began as a Minotaur Fighter on June 8, 2017.
             Was the Champion of Qazlal.
             Quit the game on level 6 of the Lair of Beasts.
             The game lasted 00:19:17 (13560 turns).

kuniqs the Blocker (Minotaur Fighter)              Turns: 13560, Time: 00:19:18

Health: 117/129    AC: 28    Str: 24    XL:     14   Next: 1%
Magic:  13/13      EV: 14    Int:  8    God:    Qazlal [******]
Gold:   893        SH: 26    Dex: 12    Spells: 13/13 levels left

rFire    + + .     SeeInvis .   E - +9 falchion of Action {flame, rF+ rC+}
rCold    + . .     Gourm    .   c - +5 shield
rNeg     . . .     Faith    .   q - +3 chain mail
rPois    +         Spirit   .   M - +1 hat {Int+3}
rElec    .         Reflect  .   w - +2 cloak
rCorr    .         Harm     .   R - +0 pair of gloves
MR       +....                  z - +2 pair of boots
Stlth    ..........             (no amulet)
Regen    0.4/turn               S - ring of poison resistance
MPRegen  0.2/turn               L - ring of protection from fire

@: protected from physical damage, repel missiles
A: retaliatory headbutt, horns 2
a: Upheaval, Elemental Force, Disaster Area, Renounce Religion


You were on level 6 of the Lair of Beasts.
You worshipped Qazlal.
Qazlal was exalted by your worship.
You were not hungry.

You visited 2 branches of the dungeon, and saw 17 of its levels.
You also visited: Ice Cave and Volcano.

You collected 1178 gold pieces.
You spent 285 gold pieces at shops.

Inventory:

Hand Weapons
 E - the +9 falchion of Action (weapon) {flame, rF+ rC+}
   (You found it on level 6 of the Dungeon)

   It has been specially enchanted to burn those struck by it, causing extra
   injury to most foes and up to half again as much damage against particularly
   susceptible opponents.
   Big, fiery blades are also staple armaments of hydra-hunters.
   It protects you from fire.
   It protects you from cold.
Missiles
 J - a throwing net (quivered)
Armour
 c - a +5 shield (worn)
 q - a +3 chain mail (worn)
 w - a +2 cloak (worn)
 z - a +2 pair of boots (worn)
 M - a +1 hat of intelligence (worn)
 R - a +0 pair of gloves (worn)
Jewellery
 B - an uncursed ring of magical power
 I - an uncursed ring of wizardry
 L - a ring of protection from fire (right hand)
 S - a ring of poison resistance (left hand)
 T - a +4 ring of dexterity {unknown}
 X - an uncursed ring of stealth {unknown}
Wands
 r - a wand of flame (0/48)
 u - a wand of disintegration (4/24)
 y - a wand of lightning (5/15)
 K - a wand of confusion (15/48)
Scrolls
 b - a scroll of fear
 g - a scroll of magic mapping
 j - 2 scrolls of enchant weapon
 n - 13 scrolls of remove curse {@r2}
 o - 12 scrolls of identify {@r1}
 p - 4 scrolls of teleportation {unknown}
 s - 5 scrolls of blinking
 v - 2 scrolls of amnesia {unknown}
 G - a scroll of random uselessness {unknown}
 P - a scroll of noise {unknown}
 U - a scroll of brand weapon {unknown}
 V - a scroll of recharging {unknown}
 W - 2 scrolls of immolation {unknown}
Potions
 h - 6 potions of curing {@q1}
 i - 2 potions of flight {unknown}
 k - a potion of lignification {unknown}
 m - 4 potions of agility {unknown}
 t - 5 potions of brilliance {unknown}
 x - 5 potions of heal wounds {unknown}
 A - 2 potions of cancellation {unknown}
 C - a potion of magic {unknown}
 D - 5 potions of mutation {unknown}
 F - 2 potions of resistance {unknown}
 H - 8 potions of might
 N - a potion of haste {unknown}
 O - a potion of degeneration {unknown}
Miscellaneous
 a - a lamp of fire
Comestibles
 d - 15 bread rations
 e - 4 meat rations
 f - 26 fruits
 l - 3 royal jellies
 Q - 4 chunks of flesh


   Skills:
 + Level 13.3 Fighting
 + Level 12.0 Long Blades
   Level 5.5 Maces & Flails
 + Level 13.2 Armour
 + Level 11.9 Dodging
 + Level 13.5 Shields


You had 13 spell levels left.
You didn't know any spells.

Dungeon Overview and Level Annotations

Branches:
Dungeon (11/15)            Temple (0/1) D:5            Lair (6/6) D:10
 Shoals (0/4) Lair:4       Spider (0/4) Lair:2        Slime (0/5) Lair:6
    Orc: D:9-12

Altars:
Ashenzari
Elyvilon
Gozag
Nemelex Xobeh
Qazlal
Zin
Jiyva

Shops:
D:5 ?   D:6 [   D:7 **

Portals:
Trove: D:10 (give 16 scrolls of teleportation)

Annotations:
D:3 2 transporters
D:7 Prince Ribbit
D:10 2 runed doors, exclusion: orange crystal statue


Innate Abilities, Weirdness & Mutations

You reflexively headbutt those who attack you in melee.
You have a pair of horns on your head.


Message History

The six-headed hydra is severely wounded.
You block the six-headed hydra's attack. x3
The six-headed hydra bites you.
You feel protected from physical attacks.
You block the six-headed hydra's attack. x2
You lop one of the six-headed hydra's heads off!
The flame cauterises the wound!
You slash the five-headed hydra! You burn the five-headed hydra.
The five-headed hydra is almost dead.
The five-headed hydra bites you but does no damage.
You block the five-headed hydra's attack. x2
The five-headed hydra misses you.
You block the five-headed hydra's attack.
You chop one of the five-headed hydra's heads off!
The flame cauterises the wound!
You slash the four-headed hydra! You burn the four-headed hydra.
You kill the four-headed hydra!
Qazlal accepts your kill.
You have reached level 14!
Are you sure you want to abandon this character and quit the game? (Confirm with "yes".)

#...##### ######...........
##(.## #........... # ####..##
#........... ###.#.P.## ###
##.#.##..... #........###.#######
#..##(.....
............##.##.P#####.......P#
..............§§.§§....##.......#
......PPP........§.............#.
.....P..PP....§.@................
..P.P♣♣.PP.....§.§...............
...P..♣♣♣P......§................
..PP♣♣♣♣♣P........P..............
..P.PP♣PP........PP..............
#...PP♣..PP......P....♣.♣........
...PPP♣PPP........[....(.........
.....PP.P.............♣.♣.###....
.........................###.#...


There were no monsters in sight!

Vanquished Creatures
  Gastronok (Lair:1)
  A catoblepas (Lair:6)
  3 hydras (Lair:6)
  8 two-headed ogres
  A deep troll shaman (Lair:6)
  5 death yaks (Lair:6)
  Nergalle (Lair:1)
  Sonja (Lair:1)
  Psyche (D:8)
  3 black mambas
  9 elephants
  A merfolk siren (Lair:4)
  15 spiny frogs
  4 rime drakes
  2 guardian mummies (D:10)
  4 komodo dragons
  A polar bear (Lair:6)
  2 merfolk
  4 dream sheep
  10 blink frogs
  9 hippogriffs
  A wyvern (Lair:2)
  3 redbacks (Lair:2)
  36 yaks
  A hungry ghost (D:7)
  A steam dragon (D:9)
  3 basilisks
  8 water moccasins
  2 hell hounds (D:10)
  10 porcupines
  3 ice beasts
  An orc warrior (D:9)
  A sky beast (D:9)
  4 phantoms
  A black bear (D:10)
  20 wolves
  2 ogres
  2 centaurs
  9 crocodiles
  10 bullfrogs
  A water moccasin zombie (D:9)
  3 scorpions
  10 killer bees
  16 wights
  A jelly (D:9)
  An electric eel (Lair:4)
  3 howler monkeys
  4 crimson imps
  A centaur zombie (D:6)
  A quasit (D:10)
  6 hounds
  Crazy Yiuf (D:7)
  2 bullfrog skeletons
  3 orc priests
  7 orc wizards
  Ijyb (D:4)
  4 worker ants
  4 iguanas
  3 hell rats (Lair:6)
  2 hound skeletons
  7 gnolls
  5 river rats (Lair:6)
  8 adders
  An adder zombie (D:9)
  A worm (D:3)
  2 leopard geckos
  32 orcs
  7 giant cockroaches
  3 goblins (D:1)
  6 hobgoblins
  13 jackals
  8 quokkas
  2 ball pythons
  4 bats (D:1)
  7 frilled lizards
  2 jackal skeletons
  7 kobolds
  14 rats
407 creatures vanquished.

Vanquished Creatures (others)
  4 fungi
  3 plants
7 creatures vanquished.

Grand Total: 414 creatures vanquished

Notes
Turn   | Place    | Note
-------+----------+-------------------------------------------
     0 | D:1      | kuniqs the Minotaur Fighter began the quest for the Orb.
     0 | D:1      | Reached XP level 1. HP: 19/19 MP: 0/0
   153 | D:1      | Reached XP level 2. HP: 27/27 MP: 1/1
   578 | D:2      | Reached XP level 3. HP: 33/33 MP: 2/2
   766 | D:2      | Found a sparkling altar of Nemelex Xobeh.
   767 | D:2      | Found a stormy altar of Qazlal.
  1103 | D:3      | Reached skill level 1 in Dodging
  1473 | D:3      | Found a transporter.
  1482 | D:3      | Found a transporter.
  1517 | D:3      | Reached XP level 4. HP: 40/40 MP: 3/3
  2104 | D:2      | Became a worshipper of Qazlal Stormbringer
  2180 | D:4      | Found a shattered altar of Ashenzari.
  2184 | D:4      | Reached XP level 5. HP: 38/47 MP: 4/4
  2408 | D:3      | Reached skill level 5 in Shields
  2552 | D:4      | Noticed Ijyb
  2575 | D:4      | Killed Ijyb
  2752 | D:4      | Found a glowing silver altar of Zin.
  2770 | D:4      | Reached XP level 6. HP: 48/53 MP: 5/5
  2846 | D:4      | Reached skill level 5 in Fighting
  2976 | D:5      | Entered Level 5 of the Dungeon
  2999 | D:5      | Reached skill level 5 in Armour
  3080 | D:5      | Found Tunluod's Magic Scroll Shop.
  3085 | D:5      | Bought a scroll of blinking for 105 gold pieces
  3363 | D:5      | Reached XP level 7. HP: 55/61 MP: 6/6
  3378 | D:5      | Reached * piety under Qazlal
  3456 | D:5      | Found a staircase to the Ecumenical Temple.
  3648 | D:6      | Reached skill level 5 in Maces & Flails
  4019 | D:6      | Reached XP level 8. HP: 47/70 MP: 7/7
  4220 | D:6      | Got a jewelled falchion
  4225 | D:6      | Identified the +9 falchion of Action {flame, rF+ rC+} (You found it on level 6 of the Dungeon)
  4294 | D:6      | Reached skill level 1 in Long Blades
  4417 | D:6      | Found Fatek's Antique Armour Shoppe.
  4518 | D:7      | Reached ** piety under Qazlal
  4598 | D:7      | Found Koawuunn's Assorted Antiques.
  4604 | D:7      | Bought a pair of glowing boots for 180 gold pieces
  4728 | D:7      | Found Fuarotatz's General Store.
  4741 | D:7      | Reached skill level 5 in Dodging
  4880 | D:7      | Noticed Prince Ribbit
  4901 | D:7      | Found a runed door.
  4905 | D:7      | Noticed Crazy Yiuf
  4908 | D:7      | Killed Crazy Yiuf
  4975 | D:8      | Reached XP level 9. HP: 54/79 MP: 8/8
  5162 | D:8      | Noticed Psyche
  5166 | D:8      | Killed Psyche
  5339 | D:8      | Found an opulent altar of Gozag.
  5421 | D:9      | Noticed a two-headed ogre
  5439 | D:8      | Killed a two-headed ogre
  5439 | D:8      | Reached skill level 5 in Long Blades
  5442 | D:8      | Reached *** piety under Qazlal
  5680 | D:9      | Reached XP level 10. HP: 89/90 MP: 9/9
  5822 | D:9      | Noticed a two-headed ogre
  5826 | D:9      | Killed a two-headed ogre
  5902 | D:9      | Found a white marble altar of Elyvilon.
  6552 | D:10     | Entered Level 10 of the Dungeon
  6552 | D:10     | Noticed a two-headed ogre
  6638 | D:10     | Killed a two-headed ogre
  6638 | D:10     | Reached skill level 10 in Shields
  6647 | D:10     | Reached **** piety under Qazlal
  6764 | D:10     | Noticed an orange crystal statue
  6791 | D:10     | Noticed a two-headed ogre
  6793 | D:10     | Found a runed door.
  6800 | D:10     | Killed a two-headed ogre
  6800 | D:10     | Reached XP level 11. HP: 73/99 MP: 10/10
  6907 | D:10     | Found a runed door.
  7039 | D:10     | Found a staircase to the Lair.
  7179 | D:10     | Noticed a two-headed ogre
  7186 | D:10     | Killed a two-headed ogre
  7186 | D:10     | Reached skill level 10 in Armour
  7288 | D:10     | Found a portal to a secret trove of treasure.
  7297 | D:10     | Reached skill level 10 in Fighting
  7622 | Lair:1   | Entered Level 1 of the Lair of Beasts
  7707 | Lair:1   | Noticed Gastronok
  7712 | Lair:1   | Noticed Nergalle
  7990 | Lair:1   | Killed Gastronok
  8196 | Lair:1   | Killed Nergalle
  8208 | Lair:1   | Noticed Sonja
  8229 | Lair:1   | Killed Sonja
  9011 | Lair:2   | Found a hole to the Spider Nest.
  9021 | Lair:2   | Reached XP level 12. HP: 104/108 MP: 11/11
 10604 | Lair:4   | Reached skill level 10 in Dodging
 10609 | Lair:4   | Found a frozen archway.
 10616 | IceCv    | Entered an ice cave
 10616 | IceCv    | Noticed galech's ghost (journeyman TrMo)
 10694 | Lair:4   | Found a dark tunnel.
 10700 | Volcano  | Entered a volcano
 10702 | Volcano  | Noticed a two-headed ogre
 10703 | Volcano  | Noticed a two-headed ogre
 10704 | Volcano  | Noticed a two-headed ogre
 10705 | Volcano  | Noticed a two-headed ogre
 10705 | Volcano  | Noticed a two-headed ogre
 10706 | Volcano  | Noticed a two-headed ogre
 10706 | Volcano  | Noticed an ogre mage
 10708 | Volcano  | Noticed a two-headed ogre
 10710 | Volcano  | Noticed a two-headed ogre
 10711 | Volcano  | Killed a two-headed ogre
 10712 | Volcano  | Noticed a red draconian
 10718 | Volcano  | Killed a two-headed ogre
 10718 | Volcano  | Reached skill level 10 in Long Blades
 10725 | Lair:4   | Killed a two-headed ogre
 10854 | Lair:4   | Reached ***** piety under Qazlal
 11231 | Lair:4   | Found a staircase to the Shoals.
 11489 | Lair:4   | Identified the +1 ring mail "Kiqaoj" {Str+2 Dex+3} (You found it on level 4 of the Lair of Beasts)
 11679 | Lair:5   | Reached XP level 13. HP: 112/118 MP: 12/12
 12444 | Lair:6   | Entered Level 6 of the Lair of Beasts
 12959 | Lair:6   | Found a viscous altar of Jiyva.
 12960 | Lair:6   | Found a staircase to the Slime Pits.
 13559 | Lair:6   | Reached ****** piety under Qazlal
 13559 | Lair:6   | Reached XP level 14. HP: 116/129 MP: 13/13
 13560 | Lair:6   | Quit the game

Skill      XL: |  1  2  3  4  5  6  7  8  9 10 11 12 13 |
---------------+----------------------------------------+-----
Shields        | 4 5 6 7 9 10 11 12 13 | 13.5
Maces & Flails | 3 4 5 |  5.5
Fighting       | 4 5 6 7 8 9 10 12 13 | 13.3
Dodging        | 1 2 3 4 5 6 8 9 10 11 | 11.9
Armour         | 4 5 6 7 8 9 11 12 13 | 13.2
Long Blades    | 3 5 7 9 10 12 | 12.0

Action                   |  1- 3 |  4- 6 |  7- 9 | 10-12 | 13-15 || total
-------------------------+-------+-------+-------+-------+-------++-------
Melee: Flail             |   119 |   128 |    69 |       |       ||   316
       Headbutt          |    13 |    22 |    34 |   111 |    84 ||   264
       Falchion          |       |       |   130 |   508 |   311 ||   949
Invok: Elemental Force   |       |       |       |     1 |       ||     1
Evoke: Wand              |       |       |     4 |    12 |       ||    16
       Lamp of fire      |       |       |       |     1 |       ||     1
  Use: Scroll            |       |       |    11 |     3 |     1 ||    15
 Stab: Petrified         |       |       |       |       |     4 ||     4
  Eat: Chunk             |     2 |     6 |     9 |    19 |     7 ||    43
Armor: Scale mail        |    46 |    20 |       |       |       ||    66
       Chain mail        |       |    23 |    83 |   126 |    65 ||   297
Dodge: Dodged            |    45 |    44 |    49 |   112 |    42 ||   292
       Deflected         |       |       |       |     1 |     1 ||     2
Block: Shield            |    61 |    76 |   182 |   500 |   308 ||  1127
       Rpst.: Falchion   |       |       |     9 |    28 |    14 ||    51
